AoeStats
← neozozevil45

Arena

509516782Analyzed
4v4 RM · 5d ago on Sep 27, 2026· 44m 0s· 8 players
Game mode
Random Map
Map size
Large (8 player)
Population
200
Speed
Normal
Resources
Standard
Victory
Conquest
Starting age
Dark Age
Ending age
Imperial Age
RankedLock teamsTeams togetherTeam positionsShared explorationLock speedFull tech treeHidden civsTurbo modeCheats
Victory
Defeat
🇮🇳 Mongols · India
1079
+16
🇲🇽 Muisca · Mexico
1072
+16
🇲🇽 Khmer · Mexico
1072
+16
🇺🇸 Cumans · United States
1012
+19
🇲🇽 Bulgarians · Mexico
1135
-19
🇲🇽 Khmer · Mexico
1103
-18
🇻🇳 Italians · Vietnam
1095
-18
🇺🇸 Tupi · United States
968
-12
NikoNikoNiiUwUQueen
11:00 Feudal Age
15:19 Castle Age
14:33 Double-Bit Axe
14:33 Horse Collar
16:13 Bow Saw
16:07 Heavy Plow
16:47 Loom
19:06 Wheelbarrow
21:59 Hand Cart
22:33 Squires
25:43 Gold Mining
25:44 Stone Mining
26:12 Elite Skirmisher
26:45 Fletching
26:56 Padded Archer Armor
28:16 Thumb Ring
28:08 Bodkin Arrow
30:49 Leather Archer Armor
32:51 Ballistics
era_vulgaris9
7:03 Loom
9:10 Feudal Age
9:56 Double-Bit Axe
10:35 Horse Collar
16:41 Wheelbarrow
20:56 Castle Age
18:58 Gold Mining
20:11 Scale Barding Armor
20:16 Forging
22:08 Chain Barding Armor
22:24 Iron Casting
21:14 Capped Ram
22:08 Bow Saw
22:40 Bloodlines
32:48 Imperial Age
31:10 Stone Mining
31:56 Gold Shaft Mining
33:05 Fletching
33:15 Padded Archer Armor
33:43 Ballistics
32:49 Light Cavalry
34:08 Bodkin Arrow
34:24 Thumb Ring
34:45 Parthian Tactics
35:02 Leather Archer Armor
35:23 Plate Barding Armor
35:48 Blast Furnace
35:59 Chemistry
36:10 Conscription
35:52 Steppe Husbandry
35:13 Elite Kipchak
36:26 Ring Archer Armor
36:32 Plate Barding Armor
36:57 Blast Furnace
35:19 Hussar
36:54 Hand Cart
36:25 Town Watch
VL Neyten
7:14 Loom
10:01 Feudal Age
10:56 Double-Bit Axe
10:54 Horse Collar
19:06 Castle Age
17:43 Wheelbarrow
17:16 Gold Mining
18:13 Scale Mail Armor
18:26 Forging
18:43 Man-at-Arms
19:11 Arson
19:51 Heavy Plow
19:24 Pikeman
19:56 Long Swordsman
21:03 Bow Saw
22:39 Wheelbarrow
21:50 Town Watch
24:33 Gold Shaft Mining
24:52 Chain Mail Armor
28:04 Iron Casting
29:49 Stone Mining
40:17 Imperial Age
40:25 Two-Handed Swordsman
40:32 Capped Ram
42:24 Hand Cart
ultrasur
10:56 Feudal Age
12:11 Wheelbarrow
15:03 Castle Age
12:58 Double-Bit Axe
13:06 Gold Mining
14:04 Loom
14:02 Horse Collar
16:42 Bow Saw
28:12 Imperial Age
27:08 Gold Shaft Mining
26:25 Stone Mining
26:49 Heavy Plow
27:18 Fletching
27:50 Ballistics
27:31 Padded Archer Armor
29:17 Conscription
29:55 Stone Shaft Mining
30:01 Elite Mangudai
33:20 Bodkin Arrow
34:26 Chemistry
35:50 Bracer
35:50 Padded Archer Armor
40:14 Bloodlines
40:04 Husbandry
39:49 Light Cavalry
41:02 Parthian Tactics
40:43 Thumb Ring
40:54 Leather Archer Armor
40:48 Scale Barding Armor
41:43 Forging
41:35 Hussar
43:52 Chain Barding Armor
44:08 Iron Casting
43:54 Elite Steppe Lancer
NeessQuiick
11:19 Feudal Age
15:00 Castle Age
13:26 Horse Collar
13:57 Double-Bit Axe
31:20 Murder Holes
32:30 Wheelbarrow
34:01 Gold Mining
35:59 Gold Shaft Mining
39:01 Imperial Age
37:22 Bloodlines
37:13 Husbandry
36:35 Light Cavalry
37:44 Bow Saw
41:02 Fletching
41:13 Padded Archer Armor
neozozevil45
11:13 Feudal Age
17:24 Stone Mining
20:08 Castle Age
18:09 Double-Bit Axe
18:59 Horse Collar
19:13 Gold Mining
19:20 Fletching
19:31 Padded Archer Armor
23:56 Heavy Plow
25:24 Bodkin Arrow
25:44 Leather Archer Armor
29:23 Bow Saw
30:19 Ballistics
29:40 Treadmill Crane
30:23 Caciques
36:30 Imperial Age
40:03 Murder Holes
41:42 Loom
43:19 Gold Shaft Mining
omarUMP
3:24 Loom
11:31 Feudal Age
16:24 Castle Age
15:17 Loom
15:48 Double-Bit Axe
15:50 Horse Collar
20:23 Fletching
23:23 Bodkin Arrow
35:54 Imperial Age
38:07 Capped Ram
40:25 Bloodlines
40:15 Husbandry
40:26 Forging
40:17 Scale Mail Armor
42:04 Scale Barding Armor
42:37 Onager
Công An Xã
0:48 Loom
11:17 Feudal Age
16:49 Castle Age
22:57 Double-Bit Axe
30:14 Imperial Age
28:55 Ballistics
28:16 Treadmill Crane
28:48 Gold Mining
28:50 Stone Mining
29:27 Pikeman
31:00 Squires
32:40 Fletching
32:50 Padded Archer Armor
33:38 Elite Skirmisher
35:32 Chemistry
36:32 Thumb Ring
38:03 Light Cavalry
38:54 Bloodlines
40:24 Bodkin Arrow
40:44 Leather Archer Armor
41:50 Fortified Wall
42:14 Bracer
42:07 Hussar
Connection lost

Rejoining the realm…

Still unreachable

The connection could not be restored.

Session expired

The server has moved on; the page needs a fresh start.